 Dungeon Crawl Stone Soup version 0.20.1-1-g8b1a95d (webtiles) character file.

1778 meatball the Ruffian (level 8, -3/82 (84) HPs)
             Began as a Troll Monk on July 5, 2017.
             Was a Priest of Qazlal.
             Shot with an arrow by a centaur (6 damage)
             ... on level 7 of the Dungeon.
             The game lasted 00:24:50 (3929 turns).

meatball the Ruffian (Troll Monk)                   Turns: 3929, Time: 00:24:53

HP:   -3/82 (84)    AC:  5    Str: 22    XL:     8   Next: 81%
MP:   1/7           EV: 12    Int:  6    God:    Qazlal [***...]
Gold: 219           SH:  4    Dex: 12    Spells: 7/7 levels left

rFire    . . .     SeeInvis .     - Unarmed
rCold    . . .     Gourm    +   (no shield)
rNeg     . . .     Faith    .   a - +0 robe
rPois    .         Spirit   .   (helmet restricted)
rElec    .         Reflect  .   (no cloak)
rCorr    .         Harm     .   (gloves unavailable)
MR       .....                  (boots unavailable)
Stlth    +.........             g - amulet of regeneration
Regen    1.1/turn               (no ring)
MPRegen  0.1/turn               (no ring)

@: no status effects
A: unfitting armour, claws 3, fast metabolism 3, gourmand, regeneration 1,
shaggy fur 1, tough skin 2
a: Upheaval, Elemental Force, Renounce Religion


You were on level 7 of the Dungeon.
You worshipped Qazlal.
Qazlal was most pleased with you.
You were very full.

You visited 1 branch of the dungeon, and saw 7 of its levels.
You also visited: Ossuary.

You collected 243 gold pieces.
You spent 24 gold pieces at shops.

Inventory:

Armour
 a - a +0 robe (worn)
Jewellery
 g - an amulet of regeneration (around neck)
 y - a cursed ring of teleportation
 B - an uncursed ring of stealth {unknown}
Scrolls
 c - 8 scrolls of identify
 e - 6 scrolls of recharging {unknown}
 h - 2 scrolls of fog {unknown}
 j - 4 scrolls of remove curse {unknown}
 n - 2 scrolls of amnesia {unknown}
 p - a scroll of fear {unknown}
 q - a scroll of enchant weapon {unknown}
 s - 2 scrolls of immolation {unknown}
 w - 2 scrolls of teleportation {unknown}
 x - a scroll of enchant armour {unknown}
 z - 3 scrolls of random uselessness {unknown}
 A - a scroll of noise {unknown}
Potions
 d - 3 potions of heal wounds {unknown}
 k - 7 potions of curing {unknown}
 m - 3 potions of invisibility {unknown}
 o - 6 potions of agility {unknown}
 r - 2 potions of degeneration {unknown}
 t - 3 potions of might {unknown}
 u - a potion of flight {unknown}
 v - a potion of lignification {unknown}
 D - a potion of brilliance {unknown}
Comestibles
 b - 3 bread rations
 f - a royal jelly
 i - 2 meat rations
 l - 6 fruits
 C - 9 chunks of flesh


   Skills:
 * Level 6.5 Fighting
 + Level 4.9 Dodging
 - Level 1.0 Stealth
 * Level 7.8 Unarmed Combat


You had 7 spell levels left.
You didn't know any spells.

Dungeon Overview and Level Annotations

Branches:
Dungeon (7/15)             Temple (0/1) D:7

Altars:
Ashenzari
Kikubaaqudgha
Qazlal

Shops:
D:6 ?

Annotations:
D:7 exclusion: oklob sapling


Innate Abilities, Weirdness & Mutations

You are too large for most types of armour.
You have claws for hands.
Your metabolism is lightning-fast.
You like to eat raw meat.
Your natural rate of healing is unusually fast.
You are covered in fur. (AC +1)
You have very tough skin. (AC +2)


Message History

You scratch the centaur.
The centaur is severely wounded.
The centaur shoots an arrow.
The arrow hits you! The centaur hits you.
The centaur shoots an arrow.
The arrow closely misses you.
The centaur wields an uncursed shortbow.
The centaur shoots an arrow.
The arrow hits you.
The centaur shoots an arrow.
The arrow hits you.
* * * LOW HITPOINT WARNING * * *
You see here 2 arrows.
The centaur shoots an arrow.
The arrow closely misses you.
The centaur shoots an arrow.
The arrow hits you!
* * * LOW HITPOINT WARNING * * *
You see here an arrow.
Clouds arounds you coalesce and take form!
The centaur shoots an arrow.
The arrow hits you.
* * * LOW HITPOINT WARNING * * *
The centaur shoots an arrow.
The arrow hits you!
* * * LOW HITPOINT WARNING * * *
The centaur shoots an arrow.
The arrow hits you.
You die...

## ##.. ##...
....# #.(## #E@#
#...#(##
#....#(##
#....#c.## ####
##...##((###..##
#... ##.(#....#
##.. ##.c....##
## ##. ##K(....#


.PP # ## ##.......##.PPP You could see 2 centaurs, a kobold and a friendly air
elemental.

Vanquished Creatures
  A wraith (Ossuary)
  Duvessa (D:7)
  2 sky beasts (D:5)
  An ogre (D:5)
  An ice beast (D:6)
  2 necrophages
  2 centaurs
  Blork the orc (D:4)
  A bullfrog (D:6)
  Dowan (D:7)
  A water moccasin skeleton (D:6)
  3 wights (D:6)
  A crimson imp (D:7)
  2 hounds
  A bullfrog zombie (D:5)
  A centaur skeleton (D:4)
  An iguana (D:5)
  3 worker ants
  A killer bee zombie (D:6)
  2 hound skeletons
  A mummy (Ossuary)
  A howler monkey skeleton (D:5)
  5 adders
  A shadow imp (D:6)
  4 oozes
  An adder skeleton (D:4)
  An adder zombie (D:5)
  3 worms
  2 dart slugs
  3 leopard geckos
  3 orcs
  4 giant cockroaches
  8 gnoll skeletons (Ossuary)
  7 goblins
  2 hobgoblins
  4 jackals (D:7)
  10 kobolds
  A quokka (D:5)
  A ball python (D:3)
  A ball python zombie (D:5)
  6 bats
  3 frilled lizards
  A jackal skeleton (D:6)
  5 kobold skeletons (Ossuary)
  12 orc skeletons (Ossuary)
  2 rats (D:1)
121 creatures vanquished.

Notes
Turn   | Place    | Note
-------+----------+-------------------------------------------
     0 | D:1      | meatball the Troll Monk began the quest for the Orb.
     0 | D:1      | Reached XP level 1. HP: 22/22 MP: 0/0
   192 | D:1      | Reached XP level 2. HP: 29/29 MP: 1/1
   537 | D:2      | Reached XP level 3. HP: 36/36 MP: 2/2
   748 | D:2      | Found an ancient bone altar of Kikubaaqudgha.
   811 | D:2      | Reached skill level 4 in Unarmed Combat
   942 | D:3      | Reached XP level 4. HP: 45/45 MP: 3/3
  1109 | D:3      | Found a shattered altar of Ashenzari.
  1119 | D:3      | Found a stormy altar of Qazlal.
  1123 | D:3      | Became a worshipper of Qazlal Stormbringer
  1123 | D:3      | Reached * piety under Qazlal
  1123 | D:3      | Reached ** piety under Qazlal
  1365 | D:3      | Found a stormy altar of Qazlal.
  1708 | D:4      | Noticed Blork the orc
  1716 | D:4      | Killed Blork the orc
  1716 | D:4      | Reached XP level 5. HP: 48/53 MP: 4/4
  1800 | D:4      | Found a sand-covered staircase.
  1806 | Ossuary  | Entered an ossuary
  1806 | Ossuary  | Noticed a wraith
  1806 | Ossuary  | Noticed a wraith
  1806 | Ossuary  | Noticed a wraith
  1973 | Ossuary  | Noticed a wraith
  1998 | Ossuary  | Killed a wraith
  1998 | Ossuary  | Reached skill level 5 in Unarmed Combat
  1998 | Ossuary  | Reached XP level 6. HP: 51/62 MP: 1/5
  2468 | D:5      | Entered Level 5 of the Dungeon
  2499 | D:5      | Reached *** piety under Qazlal
  2499 | D:5      | Reached XP level 7. HP: 70/71 MP: 6/6
  2541 | D:5      | Reached skill level 5 in Fighting
  2580 | D:5      | Reached skill level 6 in Unarmed Combat
  3018 | D:6      | Reached XP level 8. HP: 68/81 MP: 7/7
  3181 | D:6      | Reached skill level 7 in Unarmed Combat
  3408 | D:6      | Found Yseemp's Magic Scroll Shop.
  3429 | D:6      | Bought a scroll of identify for 24 gold pieces
  3809 | D:7      | Noticed Dowan
  3810 | D:7      | Noticed Duvessa
  3821 | D:7      | Killed Duvessa
  3824 | D:7      | Killed Dowan
  3914 | D:7      | Found a staircase to the Ecumenical Temple.
  3929 | D:7      | HP: 3/82 [centaur/arrow (9)]
  3929 | D:7      | Shot with an arrow by a centaur

Skill      XL: |  1  2  3  4  5  6  7  8 |
---------------+-------------------------+-----
Unarmed Combat | 4 5 6 7 |  7.8
Fighting       | 3 4 5 6 |  6.5
Dodging        | 3 4 |  4.9
Stealth        | |  1.0

Action                   |  1- 3 |  4- 6 |  7- 9 || total
-------------------------+-------+-------+-------++-------
Melee: Unarmed           |    77 |   121 |   147 ||   345
       Punch             |       |     2 |     3 ||     5
Invok: Upheaval          |       |     1 |       ||     1
       Elemental Force   |       |       |     1 ||     1
  Use: Scroll            |       |       |     2 ||     2
 Stab: Sleeping          |     5 |       |       ||     5
  Eat: Chunk             |    14 |     6 |    21 ||    41
Armor: Robe              |    30 |    18 |    28 ||    76
Dodge: Dodged            |    34 |    51 |    67 ||   152
Block: Other             |       |     9 |    34 ||    43
